[Event "Titled Tuesday Blitz February 07 Late 2023"]
[White "Lucassen, Mickey"]
[Black "Ward, Ieuan C"]
[WhiteFideId "12919110"]
[BlackFideId "406627"]
[WhiteElo "2023"]
[BlackElo "2028"]
[Result "0-1"]
[Round "08"]
[TimeControl "180+2"]
[Date "2023.02.07"]
[WhiteClock "0:00:12"]
[BlackClock "0:00:40"]

1. c4 Nf6 2. g3 e6 3. Bg2 d5 4. Nf3 Be7 5. O-O O-O 6. d4 dxc4 7. Qc2 a6 8. a4 Bd7 9. Qxc4 Bc6 10. Bg5 Nbd7 11. Nbd2 h6 12. Bxf6 Nxf6 13. Ne5 Bxg2 14. Kxg2 Qd5+ 15. Qxd5 Nxd5 16. e4 Nb4 17. Rac1 c6 18. Ndc4 Rfd8 19. Nb6 Ra7 20. Rfd1 a5 21. Nbc4 b5 22. axb5 cxb5 23. Na3 Rb7 24. Nc6 Nxc6 25. Rxc6 Bxa3 26. bxa3 b4 27. Ra6 Rb5 28. a4 Rb7 29. Rxa5 b3 30. Rb5 Rxb5 31. axb5 Rb8 32. d5 exd5 33. exd5 Rxb5 34. d6 Rb8 35. Kf3 b2 36. Rb1 Kf8 37. Ke4 Ke8 38. Kd5 Kd7 39. Kc5 Rc8+ 40. Kd5 Rc2 41. Re1 Rc1 42. Re7+ Kd8 43. Rxf7 b1=Q 44. Rf8+ Kd7 45. Rf7+ Kc8 46. Rf8+ Kb7 47. d7 Rd1+ 48. Ke6 Qe4+ 0-1


[Site "https://www.chess.com"]

[Event "Titled Tuesday Blitz February 07 Late 2023"]
[White "Kovalevsky, Stanislav"]
[Black "Hoffmann, Asa"]
[WhiteFideId "13508598"]
[BlackFideId "2001470"]
[WhiteElo "2237"]
[BlackElo "2185"]
[Result "1/2-1/2"]
[Round "08"]
[TimeControl "180+2"]
[Date "2023.02.07"]
[WhiteClock "0:00:47"]
[BlackClock "0:01:00"]

1. c4 Nf6 2. Nc3 d6 3. g3 c6 4. Bg2 e5 5. e4 Be6 6. d3 d5 7. cxd5 cxd5 8. Qa4+ Nc6 9. Bg5 d4 10. Nd5 Be7 11. Nxe7 Qxe7 12. Nf3 Qb4+ 13. Qxb4 Nxb4 14. Kd2 Nd7 15. a3 Nc6 16. Ke2 f6 17. Bd2 a5 18. h4 Ke7 19. Bh3 Nc5 20. Bxe6 Kxe6 21. b4 Nb3 22. Rab1 a4 23. Be1 Na7 24. Nd2 Nxd2 25. Bxd2 Nb5 26. Rbc1 Rhc8 27. Rxc8 Rxc8 28. Rc1 Rc6 29. Rxc6+ bxc6 30. Bc1 g6 31. Bb2 f5 32. f3 h6 33. Bc1 g5 34. hxg5 hxg5 35. Bb2 g4 36. fxg4 fxg4 37. Bc1 Kd6 38. Bb2 c5 39. bxc5+ Kxc5 40. Bc1 1/2-1/2


[Site "https://www.chess.com"]

[Event "Titled Tuesday Blitz February 07 Late 2023"]
[White "Kostiukov, Alexandr"]
[Black "Jesusesmifuerza"]
[WhiteFideId "14108100"]
[WhiteElo "2271"]
[BlackElo "2043"]
[Result "1-0"]
[Round "08"]
[TimeControl "180+2"]
[Date "2023.02.07"]
[WhiteClock "0:00:28"]
[BlackClock "0:00:03"]

1. g3 d5 2. Bg2 e6 3. d3 Nf6 4. e4 h6 5. Qe2 Be7 6. e5 Nh7 7. h4 O-O 8. f4 c5 9. Nf3 Nc6 10. O-O b5 11. a4 b4 12. c4 dxc4 13. dxc4 Bb7 14. Rd1 Qc7 15. Be3 Rad8 16. Nbd2 Nd4 17. Bxd4 cxd4 18. Qd3 Rd7 19. b3 Rfd8 20. Rac1 Bc5 21. Ne1 Bxg2 22. Kxg2 a5 23. Ne4 Qc6 24. Qf3 Rc8 25. Nd3 Be7 26. Rf1 f5 27. exf6 Nxf6 28. Nxf6+ Bxf6 29. Rce1 Qxf3+ 30. Kxf3 Re8 31. Re4 Kf7 32. h5 Rde7 33. Rfe1 g6 34. hxg6+ Kxg6 35. g4 Bg7 36. Rh1 Kf7 37. Rh5 Ra8 38. Rb5 Bf6 39. c5 Ra6 40. Ne5+ Bxe5 41. Rxe5 Rd7 42. Ke2 d3+ 43. Kd2 Rd4 44. Rb7+ Kf6 45. Rb6 Rxb6 46. cxb6 Rd7 47. Rxa5 Rb7 48. Rb5 Kg6 49. a5 1-0


[Site "https://www.chess.com"]

[Event "Titled Tuesday Blitz February 07 Late 2023"]
[White "Pinheiro, Iung Alicio de O."]
[Black "Torres Dominguez, David"]
[WhiteFideId "2104350"]
[BlackFideId "2220857"]
[WhiteElo "2306"]
[BlackElo "1994"]
[Result "1/2-1/2"]
[Round "08"]
[TimeControl "180+2"]
[Date "2023.02.07"]
[WhiteClock "0:00:05"]
[BlackClock "0:00:04"]

1. e4 Nc6 2. Nf3 e5 3. Bb5 Nge7 4. c3 g6 5. h4 h6 6. d4 Bg7 7. h5 exd4 8. hxg6 fxg6 9. cxd4 d5 10. e5 Bg4 11. Be3 Nf5 12. Qa4 O-O 13. Bxc6 bxc6 14. Nbd2 Nxe3 15. fxe3 c5 16. dxc5 Qd7 17. Qxd7 Bxd7 18. Nb3 Rae8 19. O-O-O h5 20. Nbd4 Bxe5 21. Nxe5 Rxe5 22. Rhe1 Rfe8 23. Kd2 c6 24. b4 a6 25. a4 Kg7 26. Rb1 Rg5 27. Re2 Rg3 28. b5 axb5 29. axb5 cxb5 30. c6 Bg4 31. Ree1 Rxg2+ 32. Kc3 h4 33. Rxb5 h3 34. Rb7+ Kh6 35. c7 h2 36. Rb8 Re7 37. c8=Q Bxc8 38. Rxc8 Rg1 39. Rh8+ Rh7 40. Rxh7+ Kxh7 41. Nf3 Rxe1 42. Nxh2 Ra1 43. Ng4 Ra4 44. Nf6+ Kh6 45. Nxd5 Kg7 46. Kd3 Ra8 47. e4 Kf7 48. Kd4 Rd8 49. Ke5 Re8+ 50. Kf4 Rh8 51. e5 Ke6 52. Nc7+ Kd7 53. Nd5 Rf8+ 54. Ke4 Ke6 55. Nf4+ Rxf4+ 56. Kxf4 g5+ 57. Ke4 g4 58. Kf4 g3 59. Kxg3 Kxe5 1/2-1/2


[Site "https://www.chess.com"]

[Event "Titled Tuesday Blitz February 07 Late 2023"]
[White "Womacka, Mathias"]
[Black "Stolz, Mike"]
[WhiteFideId "4611390"]
[BlackFideId "4617134"]
[WhiteElo "2396"]
[BlackElo "2330"]
[Result "1-0"]
[Round "08"]
[TimeControl "180+2"]
[Date "2023.02.07"]
[WhiteClock "0:02:39"]
[BlackClock "0:02:10"]

1. e4 c5 2. Nf3 d6 3. d4 cxd4 4. Nxd4 Nf6 5. Nc3 a6 6. Be2 g6 7. O-O Bg7 8. Re1 O-O 9. Bf1 Nc6 10. Nb3 Be6 11. Bg5 Rc8 12. Nd5 Nxd5 13. exd5 f6 14. Be3 Bxd5 15. Qxd5+ Kh8 16. c3 b5 17. a4 b4 18. Bxa6 1-0


[Site "https://www.chess.com"]

[Event "Titled Tuesday Blitz February 07 Late 2023"]
[White "Sonnenschein, Philipp"]
[Black "Barash, Anton"]
[WhiteFideId "16250877"]
[BlackFideId "30935229"]
[WhiteElo "2224"]
[BlackElo "2074"]
[Result "1/2-1/2"]
[Round "08"]
[TimeControl "180+2"]
[Date "2023.02.07"]
[WhiteClock "0:00:08"]
[BlackClock "0:00:05"]

1. d4 d5 2. c4 e6 3. Nf3 Nf6 4. g3 dxc4 5. Bg2 Nc6 6. Qa4 Bb4+ 7. Bd2 Nd5 8. Qb5 O-O 9. Qxc4 Nb6 10. Qd3 Qf6 11. O-O Bxd2 12. Nbxd2 Rd8 13. e3 e5 14. dxe5 Nxe5 15. Qe4 Nxf3+ 16. Nxf3 c6 17. Rfd1 Bf5 18. Qe5 Qxe5 19. Nxe5 Bc2 20. Rxd8+ Rxd8 21. Rc1 Ba4 22. b3 Bb5 23. a4 Be2 24. Bf3 Bxf3 25. Nxf3 Rd3 26. Nd4 Nd5 27. Kf1 Kf8 28. Ke2 Rc3 29. Rxc3 Nxc3+ 30. Kd3 Nd5 31. Kc4 g6 32. Kc5 Ke7 33. a5 Kd7 34. e4 b6+ 35. axb6 axb6+ 36. Kc4 Nf6 37. f3 Kd6 38. b4 Nd7 39. f4 h5 40. e5+ Kc7 41. e6 fxe6 42. Nxe6+ Kd6 43. Nd4 Nf6 44. Nf3 Nd5 45. Ne5 Ne3+ 46. Kd3 Nf1 47. Nxg6 Nxh2 48. Ke4 Ng4 49. Nh4 c5 50. bxc5+ bxc5 51. Nf3 Ke6 52. f5+ Kf6 53. Kf4 Nh6 54. Nd2 Nxf5 55. Ne4+ Ke6 56. Nxc5+ Kf6 57. Ne4+ Kg6 58. Nf2 Nxg3 59. Kxg3 h4+ 60. Kxh4 1/2-1/2


[Site "https://www.chess.com"]

[Event "Titled Tuesday Blitz February 07 Late 2023"]
[White "Floresvillar Gonzalez, Luis Migu"]
[Black "Li, Hui"]
[WhiteFideId "5100542"]
[BlackFideId "15400310"]
[WhiteElo "2043"]
[BlackElo "1963"]
[Result "0-1"]
[Round "08"]
[TimeControl "180+2"]
[Date "2023.02.07"]
[WhiteClock "0:00:16"]
[BlackClock "0:00:02"]

1. d4 d5 2. c3 Nf6 3. Bf4 Bf5 4. Qb3 Qc8 5. Nd2 e6 6. e3 Nbd7 7. Be2 c5 8. Ngf3 Be7 9. O-O O-O 10. Rfe1 a6 11. a4 Nh5 12. Ne5 Nxf4 13. exf4 Qc7 14. Ndf3 c4 15. Qd1 b5 16. axb5 axb5 17. Nxd7 Qxd7 18. Ne5 Qc7 19. g3 f6 20. Nf3 b4 21. Qd2 b3 22. Nh4 Be4 23. f3 Bc2 24. Rxa8 Rxa8 25. Bd1 Bxd1 26. Qxd1 Kf7 27. Qe2 Ra6 28. f5 g6 29. fxe6+ Kf8 30. f4 f5 31. Nf3 Kg7 32. Kf2 Qa5 33. Qe5+ Bf6 34. Qb8 Qa2 35. Re2 Ra7 36. Qd6 Be7 37. Qxd5 Qb1 38. Qxc4 Ra1 39. Rd2 Qc1 40. d5 Rb1 41. Qxb3 Qf1+ 42. Ke3 Bc5+ 43. Nd4 Qe1+ 44. Re2 Qg1+ 45. Kf3 Rf1+ 46. Rf2 Qxf2# 0-1


[Site "https://www.chess.com"]

[Event "Titled Tuesday Blitz February 07 Late 2023"]
[White "Tyagi, Kushan"]
[Black "Clawitter, Craig"]
[WhiteFideId "2040069"]
[BlackFideId "2023105"]
[WhiteElo "2060"]
[BlackElo "2050"]
[Result "0-1"]
[Round "08"]
[TimeControl "180+2"]
[Date "2023.02.07"]
[WhiteClock "0:00:16"]
[BlackClock "0:01:06"]

1. d4 e6 2. c4 Nf6 3. g3 d5 4. Bg2 Be7 5. Nf3 O-O 6. O-O dxc4 7. Qc2 a6 8. Qxc4 b5 9. Qc2 Bb7 10. Bd2 Ra7 11. a3 Nc6 12. e3 Qa8 13. Rd1 Nxd4 14. exd4 Bxf3 15. Bxf3 Qxf3 16. Be3 Nd5 17. Nd2 Nxe3 18. fxe3 Qxe3+ 19. Kg2 Qxd4 20. Nf3 Qc4 21. Qxc4 bxc4 22. Rac1 Rb7 23. Rd2 Rfb8 24. Rxc4 Rxb2 25. Rxb2 Rxb2+ 26. Kh3 Bd6 27. Ra4 Rb3 28. Nd4 Rxa3 29. Rc4 g6 30. Nc6 a5 31. Nd4 a4 32. Nb5 Ra1 33. Nxd6 cxd6 34. Rc6 d5 35. Ra6 a3 36. Ra8+ Kg7 37. Ra7 a2 38. Ra6 d4 39. Ra5 d3 40. Rd5 exd5 0-1


[Site "https://www.chess.com"]

[Event "Titled Tuesday Blitz February 07 Late 2023"]
[White "Rose, Felix"]
[Black "Tobares, Leandro"]
[WhiteFideId "5105722"]
[BlackFideId "106402"]
[WhiteElo "2091"]
[BlackElo "2189"]
[Result "0-1"]
[Round "08"]
[TimeControl "180+2"]
[Date "2023.02.07"]
[WhiteClock "0:00:05"]
[BlackClock "0:00:31"]

1. d4 Nf6 2. Bf4 e6 3. Nf3 c5 4. e3 Nc6 5. Nbd2 d5 6. c3 Bd6 7. Ne5 O-O 8. Bd3 Qc7 9. Ndf3 b6 10. h4 Bb7 11. h5 Ne4 12. Qe2 f6 13. Nxc6 Bxf4 14. exf4 Bxc6 15. g3 Bb7 16. h6 g6 17. O-O Rae8 18. Qc2 Rf7 19. c4 cxd4 20. cxd5 Qxc2 21. Bxc2 Bxd5 22. Nxd4 Rc7 23. Ba4 Ree7 24. Rfc1 Nc5 25. Bd1 Nd3 26. Rxc7 Rxc7 27. b3 Kf7 28. Be2 Nb4 29. Nb5 Rc2 30. Kf1 a6 31. Nd4 Rd2 32. Nf3 Rxa2 33. Rxa2 Nxa2 34. Nd4 Nb4 35. Ke1 Ke7 36. Kd2 Kd6 37. Kc3 Kc5 38. Bc4 b5 39. Bxd5 Nxd5+ 40. Kd3 e5 41. fxe5 fxe5 42. Ne6+ Kb4 43. Ng5 Nf6 44. Kc2 a5 45. f4 e4 46. g4 Nxg4 47. Nxh7 Nxh6 48. Nf8 a4 49. bxa4 Kxa4 50. Nxg6 b4 51. Kb2 Nf5 52. Ne5 Ne3 53. Kb1 b3 54. Nc6 Ka3 55. Nd4 Nd5 56. f5 Nc3+ 57. Kc1 b2+ 58. Kc2 b1=Q+ 59. Kxc3 Qd3# 0-1


[Site "https://www.chess.com"]

[Event "Titled Tuesday Blitz February 07 Late 2023"]
[White "De Arruda, Leandro Formes"]
[Black "ritanovikova"]
[WhiteFideId "22722009"]
[WhiteElo "1980"]
[BlackElo "2226"]
[Result "0-1"]
[Round "08"]
[TimeControl "180+2"]
[Date "2023.02.07"]
[WhiteClock "0:01:32"]
[BlackClock "0:01:04"]

1. d4 Nf6 2. Nf3 e6 3. e3 d5 4. Bd3 c5 5. c3 Nc6 6. Nbd2 Rb8 7. O-O b5 8. Ne5 Qc7 9. f4 b4 10. Qf3 bxc3 11. bxc3 g6 12. a4 Bg7 13. Nxc6 Qxc6 14. Bb5 Rxb5 15. axb5 Qxb5 16. Rxa7 O-O 17. Re1 Ba6 18. c4 dxc4 19. Ra8 c3 20. Rxf8+ Bxf8 21. Ne4 Nxe4 22. Qxe4 Bb7 23. Qc2 Qc6 24. Ba3 cxd4 25. Bxf8 d3 26. Qf2 d2 27. Rf1 Qxg2+ 28. Qxg2 Bxg2 29. Kxg2 c2 0-1


[Site "https://www.chess.com"]

[Event "Titled Tuesday Blitz February 07 Late 2023"]
[White "Liu, Leonardo"]
[Black "Fathy, Elameir"]
[WhiteFideId "30965780"]
[BlackFideId "10600396"]
[WhiteElo "1919"]
[BlackElo "2300"]
[Result "0-1"]
[Round "08"]
[TimeControl "180+2"]
[Date "2023.02.07"]
[WhiteClock "0:01:04"]
[BlackClock "0:00:29"]

1. e4 c6 2. Nf3 d5 3. Nc3 Bg4 4. h3 Bxf3 5. Qxf3 e6 6. g3 Nd7 7. Bg2 d4 8. Ne2 Qb6 9. O-O Ne5 10. Qb3 d3 11. cxd3 Qxb3 12. axb3 Nxd3 13. f4 Bc5+ 14. Kh2 h5 15. Nc3 Nf6 16. Na4 Ng4+ 17. hxg4 hxg4+ 18. Bh3 Rxh3+ 19. Kg2 O-O-O 20. Nxc5 Nxc5 21. d4 Nxb3 22. Rxa7 Kb8 23. Ra4 Rdh8 24. Be3 Rh2+ 25. Kg1 Rxb2 26. Rb4 Rhh2 27. Rf2 Rhxf2 28. Bxf2 Rb1+ 29. Kg2 Nd2 30. Rxb1 Nxb1 31. Be3 Nc3 32. e5 Nd5 33. Bc1 b5 34. Kf2 Kb7 35. Ke2 Kb6 36. Kd2 Ka5 37. Kc2 b4 38. Kb3 Kb5 39. Bd2 c5 40. dxc5 Kxc5 41. Be1 Kd4 42. Bxb4 Nxb4 43. Kxb4 Ke4 44. Kc5 Kf3 45. Kd6 Kxg3 46. Ke7 Kxf4 47. Kd6 g3 0-1


[Site "https://www.chess.com"]

[Event "Titled Tuesday Blitz February 07 Late 2023"]
[White "Mione, Dario"]
[Black "Curtis, John"]
[WhiteFideId "806625"]
[BlackFideId "3200256"]
[WhiteElo "2228"]
[BlackElo "2292"]
[Result "1/2-1/2"]
[Round "08"]
[TimeControl "180+2"]
[Date "2023.02.07"]
[WhiteClock "0:00:11"]
[BlackClock "0:00:11"]

1. e4 e5 2. Nf3 Nc6 3. d4 exd4 4. Nxd4 Nf6 5. Nxc6 bxc6 6. e5 Nd5 7. c4 Nb6 8. Nc3 d5 9. exd6 cxd6 10. Bd3 Be7 11. O-O O-O 12. Qf3 d5 13. Rd1 Be6 14. Bf4 Bd6 15. cxd5 cxd5 16. Ne2 Rc8 17. Nd4 Nc4 18. Rab1 Bxf4 19. Qxf4 Qd6 20. Qh4 g6 21. Nf3 Qd8 22. Ng5 h5 23. Bxc4 Rxc4 24. Qxc4 dxc4 25. Rxd8 Rxd8 26. Nxe6 fxe6 27. Kf1 Rd2 28. a4 a5 29. Rc1 Rxb2 30. Rxc4 Ra2 31. Ke1 Kf7 32. h4 Kf6 33. g3 e5 34. f3 Kf5 35. g4+ Kf6 36. Rc6+ Kf7 37. Rc5 hxg4 38. fxg4 Rxa4 39. Rxe5 Rxg4 40. Rxa5 Rxh4 41. Kf2 Kg7 42. Kg3 Rc4 43. Ra8 Kh6 44. Rb8 Kh5 45. Rh8+ Kg5 46. Ra8 Rc3+ 47. Kf2 Kh5 48. Rh8+ Kg4 49. Rg8 Rc2+ 50. Kf1 g5 51. Rg7 Kf4 52. Rf7+ Kg3 53. Rg7 Rc1+ 54. Ke2 g4 55. Rg8 Rc7 56. Kf1 Rf7+ 57. Kg1 Ra7 58. Kf1 Ra1+ 59. Ke2 Kh3 60. Kf2 Ra2+ 61. Kf1 Kg3 62. Rg7 Ra1+ 63. Ke2 Kh3 64. Kf2 Ra2+ 65. Kf1 g3 66. Rh7+ Kg4 67. Rg7+ Kf4 68. Rf7+ Kg4 69. Rg7+ Kf3 70. Rf7+ Ke4 71. Re7+ Kf4 72. Rf7+ Kg5 73. Rg7+ Kh4 74. Rh7+ Kg5 75. Rg7+ Kf5 76. Rxg3 Ra1+ 77. Kg2 Ra2+ 78. Kh3 Rf2 79. Rg2 Rxg2 80. Kxg2 1/2-1/2


[Site "https://www.chess.com"]

[Event "Titled Tuesday Blitz February 07 Late 2023"]
[White "Jeziel_Vale"]
[Black "Souza, Gustavo Horokoski De"]
[BlackFideId "2146584"]
[WhiteElo "2276"]
[BlackElo "1943"]
[Result "1-0"]
[Round "08"]
[TimeControl "180+2"]
[Date "2023.02.07"]
[WhiteClock "0:00:50"]
[BlackClock "0:00:14"]

1. d4 Nf6 2. c4 c5 3. d5 e6 4. Nc3 exd5 5. cxd5 d6 6. e4 g6 7. h3 Bg7 8. Nf3 O-O 9. Bd3 Re8 10. O-O a6 11. a4 Nbd7 12. Re1 b6 13. Bf4 Qc7 14. Nd2 Bb7 15. Nc4 Ne5 16. Nxe5 dxe5 17. Bg5 c4 18. Bc2 Nd7 19. h4 f6 20. Be3 Bf8 21. h5 Bc5 22. Qg4 Kg7 23. Bd2 Rad8 24. Nd1 b5 25. Ne3 Kf7 26. Qh3 Rh8 27. Qe6+ Kg7 28. Ng4 Rhe8 29. Bh6+ Kh8 30. Qf7 Re7 31. Bg7# 1-0


[Site "https://www.chess.com"]

[Event "Titled Tuesday Blitz February 07 Late 2023"]
[White "Talbi, Chafik"]
[Black "Necula, Iulian"]
[WhiteFideId "7903715"]
[BlackFideId "1232380"]
[WhiteElo "2224"]
[BlackElo "1851"]
[Result "1-0"]
[Round "08"]
[TimeControl "180+2"]
[Date "2023.02.07"]
[WhiteClock "0:01:07"]
[BlackClock "0:01:04"]

1. e4 c5 2. Nf3 d6 3. Bb5+ Bd7 4. Bxd7+ Qxd7 5. O-O g6 6. c3 Nc6 7. d4 cxd4 8. Nxd4 Bg7 9. Nf3 Nf6 10. Re1 O-O 11. Bg5 h6 12. Bxf6 Bxf6 13. e5 Bg7 14. exd6 Qxd6 15. Qxd6 exd6 16. Nbd2 Rfe8 17. Nb3 Ne5 18. Nxe5 Rxe5 19. Rad1 Rxe1+ 20. Rxe1 a5 21. a4 Ra6 22. Nd2 Rb6 23. Nc4 Rb3 24. Re2 d5 25. Nxa5 Rb6 26. Rd2 Bxc3 27. Rxd5 Bxa5 28. Rxa5 Rxb2 29. g3 Kf8 30. Kg2 Ke7 31. Kf3 f5 32. Ra8 Rb4 33. h4 g5 34. h5 g4+ 35. Ke3 Kf6 36. Rg8 Rxa4 37. Rg6+ Kf7 38. Rxh6 b5 39. Rb6 b4 40. Kf4 Ra2 41. Kxf5 Rxf2+ 42. Kxg4 Rb2 43. Kg5 b3 44. Rb7+ Kg8 45. Kg6 Kf8 46. h6 Rg2 47. Rxb3 1-0


[Site "https://www.chess.com"]

[Event "Titled Tuesday Blitz February 07 Late 2023"]
[White "Castillo Pena, Patricia Evarista"]
[Black "Tinmaz, Kerem"]
[WhiteFideId "6412106"]
[BlackFideId "44559151"]
[WhiteElo "1783"]
[BlackElo "2177"]
[Result "0-1"]
[Round "08"]
[TimeControl "180+2"]
[Date "2023.02.07"]
[WhiteClock "0:00:33"]
[BlackClock "0:00:05"]

1. d4 d5 2. Nf3 Nf6 3. e3 Bf5 4. Bd3 Bxd3 5. Qxd3 a6 6. Nbd2 e6 7. O-O Bd6 8. e4 dxe4 9. Nxe4 Nbd7 10. Nxd6+ cxd6 11. Bf4 Qb6 12. b3 O-O 13. c4 Rfe8 14. Rfe1 Rad8 15. Qc3 d5 16. Rad1 Ne4 17. Qa1 Ndf6 18. Be5 Rc8 19. c5 Qb5 20. Nd2 Nxd2 21. Rxd2 Ne4 22. Rde2 Qb4 23. Qb2 b6 24. a3 Qb5 25. b4 bxc5 26. bxc5 Qxb2 27. Rxb2 f6 28. Bf4 e5 29. dxe5 fxe5 30. Be3 d4 31. Bc1 Nxc5 32. Rb6 Nd3 33. Bd2 Nxe1 34. Bxe1 Rc1 35. Kf1 d3 0-1


[Site "https://www.chess.com"]

[Event "Titled Tuesday Blitz February 07 Late 2023"]
[White "Manu_ChessExcelsior"]
[Black "Vaglio Munoz, Jaime"]
[BlackFideId "6500145"]
[WhiteElo "1881"]
[BlackElo "2174"]
[Result "1-0"]
[Round "08"]
[TimeControl "180+2"]
[Date "2023.02.07"]
[WhiteClock "0:00:28"]
[BlackClock "0:00:17"]

1. e4 c5 2. g3 Qa5 3. Bg2 Nc6 4. c3 g6 5. d3 Bg7 6. f4 d6 7. Nf3 Bg4 8. O-O Rd8 9. Be3 h5 10. h3 Bc8 11. Bf2 Qb6 12. Qc2 e5 13. Nbd2 Nge7 14. f5 gxf5 15. Nh4 fxe4 16. dxe4 Bf6 17. Nc4 Qc7 18. Rad1 Bxh4 19. gxh4 Be6 20. Qe2 Kd7 21. Bxc5 Bxc4 22. Qxc4 Kc8 23. Be3 Rhg8 24. Rxf7 Qd7 25. Kh2 Kb8 26. Bg5 Rc8 27. Qb5 Qe6 28. Rf6 Qxa2 29. Rfxd6 Ng6 30. Rd7 Qa6 31. Qd5 Nf4 32. Bxf4 exf4 33. Qd6+ Ka8 34. Qxf4 Rcf8 35. Qe3 Qb5 36. e5 Qxb2 37. R1d2 Qb5 38. e6 Re8 39. e7 Qb6 40. Qxb6 axb6 41. Bxc6 bxc6 42. Rd8+ Kb7 43. R2d7+ Ka6 44. Rxe8 Rxe8 45. Kg3 Kb5 46. Kf4 c5 47. Kf5 Kc6 48. Ke6 b5 49. Rd8 Rxe7+ 50. Kxe7 b4 51. cxb4 cxb4 52. Kf6 Kc7 53. Rd4 b3 54. Rb4 Kd6 55. Rxb3 Kd7 56. Kg5 Ke8 57. Kxh5 Kf7 58. Kg5 Kg7 59. Rb6 Kh7 60. Rg6 Kh8 61. Kf6 Kh7 62. Kf7 Kh8 63. Rh6# 1-0


[Site "https://www.chess.com"]

[Event "Titled Tuesday Blitz February 07 Late 2023"]
[White "Dushyant Sharma"]
[Black "Antonova, Nadezhda"]
[WhiteFideId "25065130"]
[BlackFideId "14700182"]
[WhiteElo "2355"]
[BlackElo "1945"]
[Result "0-1"]
[Round "08"]
[TimeControl "180+2"]
[Date "2023.02.07"]
[WhiteClock "0:00:17"]
[BlackClock "0:00:22"]

1. e4 c5 2. Nf3 d6 3. d4 cxd4 4. Nxd4 Nf6 5. Nc3 a6 6. a4 e5 7. Nde2 Be7 8. g3 O-O 9. Bg2 b6 10. O-O Bb7 11. Bg5 Nbd7 12. Qd2 h6 13. Be3 Ng4 14. Rad1 Rc8 15. b3 Nxe3 16. Qxe3 Bg5 17. f4 exf4 18. gxf4 Be7 19. Nd4 Re8 20. Nf5 Bf8 21. Qg3 Kh7 22. Nxd6 Bxd6 23. Rxd6 Qc7 24. Rfd1 Qxc3 25. Qxc3 Rxc3 26. Rxd7 Bxe4 27. Re1 f5 28. Re2 Bxg2 29. Rxe8 Rxc2 30. Ree7 Be4 31. Rxg7+ Kh8 32. Rh7+ Kg8 33. Rxh6 Rg2+ 34. Kf1 Rb2 35. Rc6 Bxc6 36. Rd6 Be4 37. Rxb6 Rxh2 38. b4 Rb2 39. Ke1 Kf7 40. a5 Bd3 41. Rd6 Bb5 42. Rd4 Ke6 43. Kd1 Re2 44. Rd8 Re4 45. Kd2 Rxf4 46. Kc3 Rf3+ 47. Kd4 Rd3+ 0-1


[Site "https://www.chess.com"]

[Event "Titled Tuesday Blitz February 07 Late 2023"]
[White "Winkels, Marcel"]
[Black "Slavin, Alexey"]
[WhiteFideId "1003887"]
[BlackFideId "24104388"]
[WhiteElo "1960"]
[BlackElo "2364"]
[Result "0-1"]
[Round "08"]
[TimeControl "180+2"]
[Date "2023.02.07"]
[WhiteClock "0:00:10"]
[BlackClock "0:00:53"]

1. e4 Nc6 2. Nf3 d6 3. d4 Nf6 4. Nc3 Bg4 5. Be2 e5 6. d5 Ne7 7. h3 Bd7 8. Be3 Ng6 9. Qd2 Be7 10. O-O-O a6 11. g4 b5 12. g5 b4 13. Nb1 Nxe4 14. Qxb4 Nxg5 15. Nxg5 Bxg5 16. Rdg1 Bf4 17. h4 h5 18. Qe4 Qf6 19. Bxf4 Qxf4+ 20. Qxf4 Nxf4 21. Bf3 g6 22. Nd2 Ke7 23. Ne4 Bf5 24. c4 Nd3+ 25. Kd2 Bxe4 26. Bxe4 Nxf2 27. Bf3 Nxh1 28. Bxh1 Rhg8 29. b3 f5 30. Rg5 Kf6 31. Bf3 a5 32. a4 Rab8 33. Kc3 Rg7 34. Bd1 Rb6 35. Kd3 c5 36. Ke3 Rgb7 37. Kd3 Rxb3+ 38. Bxb3 Rxb3+ 39. Kc2 Rb4 40. Kc3 Rxa4 41. Rg2 Ra3+ 42. Kb2 Rh3 43. Rg1 Rxh4 44. Ra1 Rxc4 45. Rxa5 Rd4 46. Ra6 Rxd5 47. Kc3 Rd4 48. Rc6 h4 49. Rc8 f4 50. Rh8 g5 51. Rh6+ Kf5 0-1


[Site "https://www.chess.com"]

[Event "Titled Tuesday Blitz February 07 Late 2023"]
[White "Alexikov, Alexander"]
[Black "Mohammadian, Mohammad"]
[WhiteFideId "14103958"]
[BlackFideId "12566055"]
[WhiteElo "2209"]
[BlackElo "1398"]
[Result "1-0"]
[Round "08"]
[TimeControl "180+2"]
[Date "2023.02.07"]
[WhiteClock "0:00:26"]
[BlackClock "0:00:03"]

1. e4 e5 2. Nf3 Nc6 3. c3 Nf6 4. d4 exd4 5. e5 Nd5 6. Bb5 Bc5 7. O-O O-O 8. cxd4 Bb6 9. Bc4 Nde7 10. d5 Nb8 11. Nc3 Ng6 12. Bg5 Qe8 13. Re1 d6 14. exd6 Qd7 15. Be7 Nxe7 16. dxe7 Re8 17. Bb5 c6 18. dxc6 bxc6 19. Qxd7 Bxd7 20. Bc4 Bg4 21. Rad1 Nd7 22. h3 Bxf3 23. Rxd7 Bh5 24. g4 Bg6 25. Kg2 Rac8 26. f4 h6 27. f5 Bh7 28. Kf3 g6 29. f6 g5 30. Ne4 Bxe4+ 31. Kxe4 c5 32. Ke5 Rc6 33. Red1 Rcc8 34. Kd6 Ba5 35. Rd3 Bb6 36. Rd5 1-0


[Site "https://www.chess.com"]

[Event "Titled Tuesday Blitz February 07 Late 2023"]
[White "Sailer, Mike"]
[Black "Roman, Rodrigo"]
[WhiteFideId "2012901"]
[BlackFideId "3701220"]
[WhiteElo "2109"]
[BlackElo "2058"]
[Result "1-0"]
[Round "08"]
[TimeControl "180+2"]
[Date "2023.02.07"]
[WhiteClock "0:00:34"]
[BlackClock "0:00:01"]

1. d4 Nf6 2. Nf3 e6 3. Bf4 b6 4. e3 Bb7 5. Be2 Nh5 6. Bg5 Be7 7. Bxe7 Qxe7 8. O-O Nf6 9. c4 d6 10. Nc3 e5 11. c5 exd4 12. cxd6 Qxd6 13. Nb5 Qe7 14. Nfxd4 O-O 15. Bf3 Be4 16. Rc1 c5 17. Bxe4 Nxe4 18. Nf5 Qe5 19. Ng3 Nc6 20. Qd7 Rac8 21. Nxa7 Nxg3 22. hxg3 Nxa7 23. Qxa7 Rb8 24. Rc2 Qe4 25. Rd2 Qb4 26. Rfd1 Ra8 27. Qxa8 Qxd2 28. Qxf8+ Kxf8 29. Rxd2 1-0


[Site "https://www.chess.com"]

[Event "Titled Tuesday Blitz February 07 Late 2023"]
[White "Gonzalez, Francisco Silva"]
[Black "Michalski, Olaf"]
[WhiteFideId "1512285"]
[BlackFideId "1106740"]
[WhiteElo "2021"]
[BlackElo "2273"]
[Result "1-0"]
[Round "08"]
[TimeControl "180+2"]
[Date "2023.02.07"]
[WhiteClock "0:01:03"]
[BlackClock "0:00:01"]

1. d4 d6 2. e4 Nc6 3. c3 Nf6 4. Qa4 Bd7 5. f3 e5 6. Qc4 exd4 7. cxd4 d5 8. exd5 Nb4 9. Bg5 h6 10. Bxf6 Qxf6 11. Ne2 b5 12. Qb3 a5 13. a4 bxa4 14. Rxa4 Bxa4 15. Qxa4+ Kd8 16. Qb3 Bd6 17. Qc4 Re8 18. Nc3 Nc2+ 19. Kd2 Ne3 20. Qc6 Rb8 21. Kc1 Nxf1 22. Rxf1 Bf4+ 23. Kc2 Qxc6 24. dxc6 Be3 25. d5 Bc5 26. Ne4 Bf8 27. g4 Re5 28. N2c3 Rb4 29. h4 f5 30. gxf5 Rxf5 31. b3 Be7 32. Ra1 Rxf3 33. Rxa5 Re3 34. Ra8+ 1-0


[Site "https://www.chess.com"]

[Event "Titled Tuesday Blitz February 07 Late 2023"]
[White "Balog, Imre"]
[Black "Zampronha, Wladimir Camilo"]
[WhiteFideId "728446"]
[BlackFideId "2103087"]
[WhiteElo "2615"]
[BlackElo "2176"]
[Result "1-0"]
[Round "08"]
[TimeControl "180+2"]
[Date "2023.02.07"]
[WhiteClock "0:00:02"]
[BlackClock "0:00:15"]

1. e4 c5 2. Nc3 e6 3. Nf3 Nc6 4. d4 cxd4 5. Nxd4 Qc7 6. Be2 a6 7. O-O Nf6 8. Be3 Bb4 9. Na4 Be7 10. Nxc6 bxc6 11. Bb6 Qb8 12. c4 Nxe4 13. Bd3 Nf6 14. h3 O-O 15. c5 Nd5 16. Re1 d6 17. b4 Bb7 18. a3 Bd8 19. Qg4 Nxb6 20. Nxb6 Bxb6 21. cxb6 Bc8 22. Re3 Qxb6 23. Rae1 e5 24. Qh5 f5 25. Rg3 Qc7 26. Bc4+ d5 27. Bb3 Kh8 28. Qg5 e4 29. Rc1 Bb7 30. Rc5 Qf7 31. Rcc3 Rad8 32. Rc2 Qf6 33. Re2 Qxg5 34. Rxg5 d4 35. Rd2 a5 36. g4 axb4 37. axb4 f4 38. Re5 e3 39. fxe3 dxe3 40. Rxd8 Rxd8 41. Kg2 c5+ 42. Kf1 cxb4 43. Ke2 Rd2+ 44. Ke1 Rb2 45. Re8# 1-0


[Site "https://www.chess.com"]